 Dungeon Crawl Stone Soup version 0.18.1-48-g4cf74bf (webtiles) character file.

123 Lindan9 the Conjurer (level 4, -6/34 HPs)
             Began as a Draconian Conjurer on Aug 16, 2016.
             Mangled by Sigmund
             ... wielding a +0 scythe
              (12 damage)
             ... on level 2 of the Dungeon on Aug 17, 2016.
             The game lasted 00:20:57 (2003 turns).

Lindan9 the Conjurer (Draconian Conjurer)           Turns: 2003, Time: 00:20:58

Health: -6/34      AC:  9    Str: 10    XL:     4   Next: 79%
Magic:  7/8        EV: 12    Int: 17    God:
Gold:   85         SH:  0    Dex: 11    Spells: 1 memorised, 7 levels left

rFire  . . .     SeeInvis .     s - +1 dagger (holy)
rCold  . . .     Gourm    .     (armour unavailable)
rNeg   . . .     Faith    .     (no shield)
rPois  .         Spirit   .     (helmet restricted)
rElec  .         Dismiss  .     (no cloak)
rCorr  .         Reflect  .     (no gloves)
SustAt .         Harm     +     (no boots)
MR     .....                    h - amulet of harm
Stlth  ++........               (no ring)
                                k - +4 ring of protection

@: not resistant to hostile enchantments, unstealthy
A: unfitting armour, cold-blooded, AC +5
a: no special abilities


You were on level 2 of the Dungeon.
You were not hungry.

You visited 1 branch of the dungeon, and saw 2 of its levels.

You collected 85 gold pieces.

Inventory:

Hand Weapons
 c - a +0 hand axe
 m - a +0 dagger of electrocution
 o - a +2 dagger of draining
 s - a +1 dagger of holy wrath (weapon)
Armour
 f - a +0 chain mail of fire resistance
Jewellery
 h - an amulet of harm (around neck)
 k - a +4 ring of protection (left hand)
Wands
 l - a wand of confusion (22/48)
Scrolls
 i - 3 scrolls of teleportation
 j - a scroll of amnesia {unknown}
 n - a scroll of remove curse {unknown}
 r - a scroll of noise {unknown}
 t - a scroll of magic mapping
Potions
 d - a potion of brilliance {unknown}
 e - a potion of curing {unknown}
 g - a potion of magic {unknown}
 q - a potion of flight {unknown}
Books
 a - a book of Conjurations

   Spells                             Type                      Level
   a - Magic Dart                     Conjuration                  1
   b - Searing Ray                    Conjuration                  2
   c - Dazzling Spray                 Conjuration/Hexes            3
   d - Fulminant Prism                Conjuration/Hexes            4
   e - Iskenderun's Mystic Blast      Conjuration                  4
   f - Iskenderun's Battlesphere      Conjuration/Charms           5
Comestibles
 b - a bread ration
 p - a meat ration


   Skills:
 + Level 0.4 Fighting
 + Level 0.2 Axes
 + Level 2.2 Dodging
 + Level 2.1 Stealth
 + Level 2.6 Spellcasting
 * Level 5.3 Conjurations


You had 7 spell levels left.
You knew the following spells:

 Your Spells              Type           Power        Failure   Level  Hunger
a - Magic Dart            Conj           ###.         1%          1    #......


Dungeon Overview and Level Annotations

Branches:
Dungeon (2/15)

Altars:
Okawaru

Annotations:
D:2 Sigmund


Innate Abilities, Weirdness & Mutations

Your plain brown scales are hard (AC +5).
Your body does not fit into most forms of armour.
You are cold-blooded and may be slowed by cold attacks.


Message History

Unknown command.
Casting: Magic Dart
Confirm with . or Enter, or press ? or * to list all spells.
Aiming: Magic Dart
Press: ? - help, Shift-Dir - straight line, f - hobgoblin
Aim: a hobgoblin, wielding a club The magic dart hits the hobgoblin.
The hobgoblin is moderately wounded.
Sigmund screams, "Die, monster!"
Sigmund casts a spell.
Sigmund flickers and vanishes!
Deactivating autopickup; reactivate with Ctrl-A.
You hit something.
The hobgoblin hits you but does no damage.
You hear some strange, mumbled words.
A puff of flame appears from out of thin air!
The puff of flame hits you!
You completely miss something.
Your tail-slap misses something.
Something hits you!
You die...

.#####..........#.(.#
....# .#
#..........(.###
<...# ##
#..........### ..#
#..........#
####.>###.## #
######....## #.## #.#
......>####
#..#####...# .....###
##.g#....# .....#
##@..# .....#
#{.###### ...†.#
#...[...# .....##
##.####.# ......###
######.#
........####......#
.....##...##.######
#########....#
###..##


You could see a hobgoblin.

Vanquished Creatures
  Ijyb (D:2)
  Robin (D:2)
  An adder (D:2)
  2 oozes (D:2)
  A worm (D:2)
  A dart slug (D:1)
  A giant gecko (D:1)
  A giant cockroach (D:2)
  15 goblins
  12 hobgoblins
  3 jackals (D:2)
  A bat (D:2)
  3 giant newts (D:1)
  12 kobolds
  5 rats
60 creatures vanquished.

Notes
Turn   | Place    | Note
--------------------------------------------------------------
     0 | D:1      | Lindan9 the Draconian Conjurer began the quest for the Orb.
     0 | D:1      | Reached XP level 1. HP: 14/14 MP: 3/3
   380 | D:1      | Reached XP level 2. HP: 17/20 MP: 3/5
  1171 | D:2      | Reached XP level 3. HP: 23/26 MP: 1/6
  1315 | D:2      | Noticed Robin
  1320 | D:2      | Killed Robin
  1343 | D:2      | Reached skill level 5 in Conjurations
  1538 | D:2      | Noticed Ijyb
  1557 | D:2      | Killed Ijyb
  1557 | D:2      | Reached XP level 4. HP: 31/34 MP: 0/7
  1691 | D:2      | Found an iron altar of Okawaru.
  1979 | D:2      | Noticed Sigmund
  2003 | D:2      | Mangled by Sigmund

Skill      XL: |  1  2  3 |
---------------+----------+-----
Dodging        | 2 |  2.2
Stealth        | 2 |  2.1
Conjurations   | 5 |  5.3
Fighting       | |  0.4
Axes           | |  0.2
Spellcasting   | |  2.6

Action                   |  1- 3 |  4- 6 || total
-------------------------+-------+-------++-------
Melee: Hand axe          |    62 |    13 ||    75
       Tailslap          |    10 |     4 ||    14
       Dagger            |       |    15 ||    15
 Cast: Magic Dart        |    59 |    31 ||    90
  Use: Scroll            |     3 |     1 ||     4
 Stab: Sleeping          |     3 |       ||     3
  Eat: Bread ration      |     1 |       ||     1
Armor: Skin              |    22 |    14 ||    36
Dodge: Dodged            |    63 |    24 ||    87
